 Dungeon Crawl Stone Soup version 0.19-a0-1827-g174f941 (webtiles) character file.

70 Amnesiac the Magician (level 4, 0/30 HPs)
             Began as a Mummy Wizard on Oct 7, 2016.
             Slain by a phantom (9 damage)
             ... on level 4 of the Dungeon.
             The game lasted 00:03:50 (1569 turns).

Amnesiac the Magician (Mummy Wizard)                Turns: 1569, Time: 00:03:51

Health: 0/30       AC:  2    Str: 10    XL:     4   Next: 4%
Magic:  2/10       EV: 12    Int: 17    God:
Gold:   72         SH:  0    Dex: 16    Spells: 5 memorised, 1 level left

rFire  x x .     SeeInvis .     d - +0 trident
rCold  + + .     Gourm    .     a - +0 robe
rNeg   + + +     Faith    .     (no shield)
rPois  ∞         Spirit   .     b - +0 hat
rElec  .         Dismiss  .     (no cloak)
rCorr  .         Reflect  .     (no gloves)
MR     .....     Harm     .     (no boots)
Stlth  ++........               (no amulet)
                                f - ring of ice
                                e - +5 ring of dexterity

@: repel missiles
A: no food or potions, fire vulnerability, cold resistance 1, negative energy
resistance 3, torment resistance, unbreathing
a: no special abilities


You were on level 4 of the Dungeon.
You were not hungry.

You visited 1 branch of the dungeon, and saw 4 of its levels.

You collected 72 gold pieces.

Inventory:

Hand Weapons
 d - a +0 trident (weapon)
Armour
 a - a +0 robe (worn)
 b - a +0 hat (worn)
Jewellery
 e - a +5 ring of dexterity (left hand)
 f - a ring of ice (right hand)
Scrolls
 g - a scroll of enchant weapon {unknown}
 h - a scroll of recharging {unknown}
 i - 3 scrolls of remove curse
Books
 c - a book of Minor Magic

   Spells                             Type                      Level
   a - Magic Dart                     Conjuration                  1
   b - Blink                          Translocation                2
   c - Call Imp                       Summoning                    2
   d - Repel Missiles                 Charms/Air                   2
   e - Slow                           Hexes                        2
   f - Conjure Flame                  Conjuration/Fire             3
   g - Mephitic Cloud                 Conjuration/Poison/Air       3


   Skills:
 - Level 1.5 Dodging
 - Level 1.5 Stealth
 + Level 4.5 Spellcasting
 - Level 1.0 Conjurations
 - Level 0.7 Summonings
   Level 0.7 Translocations


You had one spell level left.
You knew the following spells:

 Your Spells              Type           Power        Failure   Level  Hunger
a - Repel Missiles        Chrm/Air       #.....       24%         2    N/A
d - Call Imp              Summ           #.......     21%         2    N/A
e - Mephitic Cloud        Conj/Pois/Air  #.......     38%         3    N/A
f - Magic Dart            Conj           #...         12%         1    N/A
s - Conjure Flame         Conj/Fire      #.......     38%         3    N/A

Dungeon Overview and Level Annotations

Branches:
Dungeon (4/15)
 Temple: D:4-7

Altars:


Innate Abilities, Weirdness & Mutations

You do not eat or drink.
Your flesh is vulnerable to fire.
You are immune to poison.
Your flesh is cold resistant. (rC+)
You are immune to negative energy. (rN+++)
You are immune to unholy pain and torment.
You can survive without breathing.


Message History

The phantom is almost destroyed.
Casting: Magic Dart
Confirm with . or Enter, or press ? or * to list all spells.
Aiming: Magic Dart
Press: ? - help, Shift-Dir - straight line, f/p - phantom
Aim: a phantom (almost destroyed)
The magic dart hits the phantom.
The phantom is almost destroyed.
Casting: Magic Dart
Confirm with . or Enter, or press ? or * to list all spells.
A shadowy apparition takes form in the air.
Casting: Call Imp
Confirm with . or Enter, or press ? or * to list all spells.
Aiming: Magic Dart
Press: ? - help, Shift-Dir - straight line, f/p - phantom
Aim: a phantom (almost destroyed)
The magic dart hits the phantom.
The phantom is almost destroyed.
The phantom hits you!
You die...

#. ## #... ..# #.# ..# #... ..
#.#####.###..##.# #
#............(#.#. . ######
##...........>.... #....#
##...........#.#.#####
#)...###............#.......#
#........#...W5.....#..####.##
#............@..............).
#....####..####.####..#####...
#....# #!## #..# ##.## ###.
#....# #.####.####..#### ##
#....# #.##............# #
###### ##.#..##..%......#
#....###.........# #....#
#.........# #..<.# #......>..#


You could see a phantom and a friendly shadow imp.

Vanquished Creatures
  A hound skeleton (D:4)
  2 adders
  A giant cockroach (D:3)
  5 goblins
  A jackal (D:2)
  A quokka (D:3)
  3 bats
  2 frilled lizards
  A rat (D:3)
17 creatures vanquished.

Vanquished Creatures (collateral kills)
  Jessica (D:3)
  An adder (D:2)
  An orc (D:2)
  A hobgoblin (D:2)
  A jackal (D:2)
5 creatures vanquished.

Grand Total: 22 creatures vanquished

Notes
Turn   | Place    | Note
-------+----------+-------------------------------------------
     0 | D:1      | Amnesiac the Mummy Wizard began the quest for the Orb.
     0 | D:1      | Reached XP level 1. HP: 13/13 MP: 4/4
    59 | D:1      | Reached skill level 1 in Conjurations
   318 | D:3      | Noticed Jessica
   324 | D:2      | Reached XP level 2. HP: 16/19 MP: 0/6
   392 | D:2      | Learned a level 2 spell: Call Imp
   953 | D:3      | Killed Jessica
   953 | D:3      | Reached skill level 4 in Spellcasting
   953 | D:3      | Reached XP level 3. HP: 5/24 MP: 1/8
   958 | D:3      | Learned a level 3 spell: Mephitic Cloud
   962 | D:3      | Learned a level 3 spell: Conjure Flame
  1344 | D:4      | Reached XP level 4. HP: 30/30 MP: 2/10
  1424 | D:4      | Learned a level 2 spell: Repel Missiles
  1486 | D:4      | Noticed a phantom
  1569 | D:4      | Slain by a phantom

Vault maps used:
D:1:      dpeg_arrival_simpleton_b
D:2:      uniq_robin
D:3:      first_bread, uniq_terence, uniq_jessica
D:4:      uniq_edmund

Skill      XL: |  1  2 |
---------------+-------+-----
Conjurations   | 1 |  1.0
Spellcasting   | 4 |  4.5
Dodging        | |  1.5
Stealth        | |  1.5
Summonings     | |  0.7
Translocations | |  0.7

Action                   |  1- 3 |  4- 6 || total
-------------------------+-------+-------++-------
Melee: Unarmed           |    13 |       ||    13
       Trident           |    25 |    11 ||    36
 Cast: Magic Dart        |    23 |     4 ||    27
       Call Imp          |     7 |     4 ||    11
       Conjure Flame     |     1 |       ||     1
       Mephitic Cloud    |     1 |       ||     1
       Repel Missiles    |       |     1 ||     1
  Use: Scroll            |       |     1 ||     1
 Stab: Confused          |     3 |       ||     3
       Distracted        |       |     1 ||     1
Armor: Robe              |     9 |     1 ||    10
Dodge: Dodged            |    56 |       ||    56
